 Dungeon Crawl Stone Soup version 0.20.0-15-g7f486f2 (webtiles) character file.

1247 ANON1729 the Destroyer (level 8, -10/41 HPs)
             Began as a Tengu Conjurer on June 24, 2017.
             Was an Initiate of Vehumet.
             Shot with an arrow by a centaur (12 damage)
             ... on level 6 of the Dungeon.
             The game lasted 00:42:48 (6128 turns).

ANON1729 the Destroyer (Tengu Conjurer)             Turns: 6128, Time: 00:42:48

Health: -10/41     AC:  6    Str:  9    XL:     8   Next: 50%
Magic:  10/18      EV: 12    Int: 18    God:    Vehumet [......]
Gold:   262        SH:  4    Dex: 14    Spells: 16/19 levels left

rFire    . . .     SeeInvis +   r - +7 Screaming Sword
rCold    . . .     Gourm    .   v - +0 buckler
rNeg     . . .     Faith    .   f - +4 robe "Varegul" {rPois SInv}
rPois    +         Spirit   .   (helmet restricted)
rElec    .         Reflect  .   (no cloak)
rCorr    .         Harm     .   (no gloves)
MR       .....                  (boots unavailable)
Stlth    ++........             g - amulet of rage
Regen    0.2/turn               (no ring)
MPRegen  0.2/turn               (no ring)

@: no status effects
A: beak, talons 3, able to fly 1
a: Fly, Renounce Religion, Evoke Berserk Rage


You were on level 6 of the Dungeon.
You worshipped Vehumet.
Vehumet was noncommittal.
You were not hungry.

You visited 2 branches of the dungeon, and saw 8 of its levels.

You collected 262 gold pieces.

Inventory:

Hand Weapons
 r - the +7 Screaming Sword (weapon)
   (You found it on level 4 of the Dungeon)
 E - a +0 rapier
Missiles
 a - 4 exploding tomahawks (quivered)
Armour
 f - the +4 robe "Varegul" (worn) {rPois SInv}
   (You found it on level 6 of the Dungeon)

   It protects you from poison.
   It lets you see invisible.
 t - a +2 robe of magic resistance
 v - a +0 buckler (worn)
Jewellery
 g - an amulet of rage (around neck)
Scrolls
 e - a scroll of enchant armour {unknown}
 l - a scroll of fog {unknown}
 p - a scroll of fear {unknown}
 s - 2 scrolls of recharging {unknown}
 u - a scroll of teleportation {unknown}
 x - 2 scrolls of remove curse
 y - 2 scrolls of blinking
 A - a scroll of amnesia
 B - a scroll of magic mapping {unknown}
 C - a scroll of immolation {unknown}
Potions
 d - a potion of haste {unknown}
 i - a potion of agility {unknown}
 j - a potion of experience {unknown}
 m - a potion of mutation {unknown}
 n - 2 potions of resistance
 o - 2 potions of might {unknown}
 q - 4 potions of curing
 z - a potion of heal wounds {unknown}
Books
 b - a book of Conjurations

   Spells                             Type                      Level
   a - Magic Dart                     Conjuration                  1
   b - Searing Ray                    Conjuration                  2
   c - Dazzling Spray                 Conjuration/Hexes            3
   d - Fulminant Prism                Conjuration/Hexes            4
   e - Force Lance                    Conjuration/Translocation    4
   f - Iskenderun's Mystic Blast      Conjuration                  4
Comestibles
 c - 12 bread rations
 h - 2 royal jellies
 k - 4 meat rations
 w - 6 fruits


   Skills:
 * Level 2.1 Long Blades
 - Level 2.2 Dodging
 - Level 2.2 Stealth
 * Level 2.1 Shields
 - Level 0.2 Unarmed Combat
 + Level 6.3 Spellcasting
 + Level 10.0 Conjurations


You had 16 spell levels left.
You knew the following spells:

 Your Spells              Type           Power        Failure   Level  Hunger
a - Magic Dart            Conj           ####         1%          1    None
b - Searing Ray           Conj           #####.       1%          2    None


Dungeon Overview and Level Annotations

Branches:
Dungeon (7/15)             Temple (1/1) D:5

Altars:
Ashenzari
Cheibriados
Dithmenos
Elyvilon
Fedhas
Gozag
Hepliaklqana
Kikubaaqudgha
Makhleb
Nemelex Xobeh
Okawaru
Qazlal
Ru
Sif Muna
Trog
Uskayaw
Vehumet
Xom
Yredelemnul
Zin
The Shining One

Shops:
D:7 *?:[

Annotations:
D:6 Blork the orc


Innate Abilities, Weirdness & Mutations

You have a beak for a mouth.
You have claws for feet.
You can fly.


Message History

The searing ray hits the centaur.
The centaur is moderately wounded.
The centaur shoots an arrow.
The arrow hits you!
The searing ray hits the centaur.
The centaur is severely wounded.
The centaur shoots an arrow.
The arrow hits you.
* * * LOW HITPOINT WARNING * * *
The searing ray misses the centaur.
You finish channeling your searing ray.
Casting: Searing Ray
Confirm with . or Enter, or press ? or * to list all spells.
Aiming: Searing Ray
Press: ? - help, Shift-Dir - straight line, f/p - centaur
Aim: a centaur, wielding a shortbow (severely wounded)
The searing ray misses the centaur. (Press . to maintain the ray.)
The centaur shoots an arrow.
The arrow hits you!
* * * LOW HITPOINT WARNING * * *
The searing ray misses the centaur.
The centaur shoots an arrow.
The arrow misses you.
The centaur shoots an arrow.
The arrow hits you!
You die...

..###................####....##
......................####...#
..####...................##.####
..#
##.........................##
.##
#..................####.<.... ##
#...................# #######
#...........c......[.#
##....................#
####............@(......##
.....##............/.#.##
...#####........(..###.. ...#
##.......#### ...# #########
...# ..## ..# .##


You could see a centaur.

Vanquished Creatures
  A hippogriff (D:7)
  A spriggan (D:7)
  A centaur (D:5)
  A bullfrog (D:4)
  5 scorpions (D:4)
  A bullfrog zombie (D:7)
  A crimson imp (D:5)
  A jelly (D:5)
  A quasit (D:5)
  3 orc wizards (D:4)
  Jessica (D:3)
  2 worker ants (D:5)
  A hound skeleton (D:4)
  12 adders
  An ooze (D:6)
  3 adder skeletons
  2 adder zombies
  A worm (D:5)
  A dart slug (D:4)
  5 leopard geckos
  14 orcs
  7 bats
  6 giant cockroaches
  7 goblins
  6 hobgoblins
  5 jackals
  2 quokkas (D:3)
  5 frilled lizards
  5 kobolds
  4 rats
  2 fungi (D:4)
108 creatures vanquished.

Vanquished Creatures (others)
  2 fungi (D:4)
2 creatures vanquished.

Grand Total: 110 creatures vanquished

Notes
Turn   | Place    | Note
-------+----------+-------------------------------------------
     0 | D:1      | ANON1729 the Tengu Conjurer began the quest for the Orb.
     0 | D:1      | Reached XP level 1. HP: 10/10 MP: 4/4
   136 | D:1      | Reached XP level 2. HP: 7/15 MP: 0/6
   415 | D:1      | Reached skill level 6 in Conjurations
   855 | D:1      | Learned a level 2 spell: Searing Ray
   977 | D:2      | Reached XP level 3. HP: 19/19 MP: 5/7
  1359 | D:3      | Noticed Jessica
  1364 | D:3      | Killed Jessica
  1364 | D:3      | Reached XP level 4. HP: 24/24 MP: 2/9
  2264 | D:4      | Gained mutation: You can fly. [Tengu growth]
  2264 | D:4      | Reached XP level 5. HP: 28/28 MP: 6/11
  2460 | D:4      | Reached skill level 7 in Conjurations
  2596 | D:4      | Reached XP level 6. HP: 32/32 MP: 4/13
  2796 | D:4      | Reached skill level 8 in Conjurations
  3162 | D:4      | Reached XP level 7. HP: 36/36 MP: 11/15
  3182 | D:4      | Reached skill level 5 in Spellcasting
  3693 | D:5      | Entered Level 5 of the Dungeon
  3719 | D:5      | Reached skill level 9 in Conjurations
  4403 | D:5      | Reached skill level 1 in Shields
  4604 | D:5      | Found a staircase to the Ecumenical Temple.
  4615 | Temple   | Entered the Ecumenical Temple
  4703 | Temple   | Became a worshipper of Vehumet
  5047 | D:5      | Reached skill level 1 in Long Blades
  5047 | D:5      | Reached XP level 8. HP: 41/41 MP: 9/17
  5095 | D:6      | Noticed Blork the orc
  5102 | D:7      | Found Mediacw's Book Shop.
  5116 | D:7      | Found Pummenk's Assorted Antiques.
  5130 | D:7      | Noticed a hippogriff
  5177 | D:7      | Killed a hippogriff
  5416 | D:7      | Found Dothoz's Antique Armour Boutique.
  5426 | D:7      | Found Entuwea's Magic Scroll Emporium.
  5475 | D:7      | Noticed a spriggan baker
  5480 | D:7      | Killed a spriggan baker
  5514 | D:7      | Found Jegge's Armour Boutique.
  5520 | D:7      | Reached skill level 10 in Conjurations
  5571 | D:7      | Noticed a hippogriff
  5801 | D:6      | Got a distressingly furry robe
  5812 | D:6      | Identified the +4 robe "Varegul" {rPois SInv} (You found it on level 6 of the Dungeon)
  5870 | D:6      | Found an iron altar of Okawaru.
  6127 | D:6      | HP: 2/41 [centaur/arrow (8)]
  6128 | D:6      | Shot with an arrow by a centaur

Skill      XL: |  1  2  3  4  5  6  7  8 |
---------------+-------------------------+-----
Conjurations   | 6 7 8 9 10 | 10.0
Spellcasting   | 3 4 5 6 |  6.3
Shields        | 1 2 |  2.1
Long Blades    | 1 2 |  2.1
Dodging        | |  2.2
Stealth        | |  2.2
Unarmed Combat | |  0.2

Action                   |  1- 3 |  4- 6 |  7- 9 || total
-------------------------+-------+-------+-------++-------
Melee: Unarmed           |    11 |       |       ||    11
       Kick              |     5 |    10 |     5 ||    20
       Peck              |     5 |     6 |     1 ||    12
       Short sword       |     4 |    22 |     2 ||    28
       Double sword      |       |       |    16 ||    16
 Cast: Magic Dart        |    47 |    65 |    59 ||   171
       Searing Ray       |       |    10 |    17 ||    27
 Abil: Fly               |       |       |     1 ||     1
  Use: Scroll            |       |       |     7 ||     7
 Stab: Sleeping          |       |       |     1 ||     1
  Eat: Chunk             |     2 |     4 |    11 ||    17
Armor: Chain mail        |    25 |       |       ||    25
       Robe              |     6 |     5 |     6 ||    17
Dodge: Dodged            |    16 |    20 |    28 ||    64
Block: Buckler           |       |     4 |     7 ||    11
       Rpst.: Double sword |       |       |     5 ||     5
